 Dungeon Crawl Stone Soup version 0.20-a0-4-gd166d5d (webtiles) character file.

478 sveltemanboy the Poker (level 6, -7/99 HPs)
             Began as a Demonspawn Gladiator on Oct 31, 2016.
             Mangled by an orc
             ... wielding a +0 flail
              (9 damage)
             ... on level 4 of the Dungeon.
             The game lasted 00:06:05 (2605 turns).

sveltemanboy the Poker (Demonspawn Gladiator)       Turns: 2605, Time: 00:06:06

Health: -7/99      AC: 23    Str: 23    XL:     6   Next: 86%
Magic:  6/6        EV:  2    Int: 11    God:
Gold:   228        SH:  0    Dex: 13    Spells: 0 memorised, 5 levels left

rFire  . . .     SeeInvis .     a - +2 halberd (protect)
rCold  . . .     Gourm    .     (armour currently unavailable)
rNeg   + + +     Faith    .     (shield currently unavailable)
rPois  +         Spirit   .     (helmet currently unavailable)
rElec  .         Reflect  .     (cloak currently unavailable)
rCorr  .         Harm     .     (gloves currently unavailable)
MR     .....     NoTele   +     (boots currently unavailable)
Stlth  ..........               (no amulet)
                                (no ring)
                                h - +2 ring of strength

@: berserking, tree-form, very quick
A: (icy blue scales 0), (fire resistance 0)
a: no special abilities


You were on level 4 of the Dungeon.
You were hungry.
You were a tree.
You visited 1 branch of the dungeon, and saw 4 of its levels.

You collected 228 gold pieces.

Inventory:

Hand Weapons
 a - a +2 halberd of protection (weapon)
Armour
 c - a +0 helmet (melded)
 e - a +0 pair of boots (melded)
 x - a +2 leather armour of fire resistance (melded)
Jewellery
 h - a +2 ring of strength (left branch)
Scrolls
 b - 2 scrolls of blinking {unknown}
 d - a scroll of enchant weapon {unknown}
 i - a scroll of enchant armour {unknown}
 l - a scroll of fog {unknown}
 m - 2 scrolls of identify {unknown}
 o - 4 scrolls of amnesia {unknown}
 r - 2 scrolls of fear {unknown}
 s - 3 scrolls of teleportation {unknown}
 u - a scroll of magic mapping {unknown}
 w - a scroll of recharging {unknown}
Potions
 j - a potion of beneficial mutation {unknown}
 n - a potion of flight {unknown}
 p - a potion of might
 q - 2 potions of lignification
 t - a potion of haste {unknown}
Comestibles
 f - a bread ration
 k - 2 meat rations


   Skills:
 - Level 2.0 Fighting
 * Level 6.1 Polearms
 - Level 1.7 Throwing
 + Level 3.3 Armour
 - Level 2.6 Dodging


You had 5 spell levels left.
You didn't know any spells.

Dungeon Overview and Level Annotations

Branches:
Dungeon (4/15)
 Temple: D:4-7

Altars:
Dithmenos
The Shining One


Innate Abilities, Weirdness & Mutations

((You are partially covered in icy blue scales. (AC +2)))
((Your flesh is heat resistant. (rF+)))


Message History

You barely miss the orc.
The orc is lightly wounded.
The orc hits you with a mace.
* * * LOW HITPOINT WARNING * * *
The orc hits you but does no damage.
A centaur skeleton comes into view.
You closely miss the orc.
The orc is lightly wounded.
The orc hits you but does no damage. The orc hits you with a flail!
* * * LOW HITPOINT WARNING * * *
It was a potion of berserk rage.
A red film seems to cover your vision as you go berserk!
You feel yourself moving faster!
You feel mighty! The orc hits you but does no damage. x2
You are too berserk!
You cannot move.
You barely miss the orc.
The orc is lightly wounded.
The orc hits you with a flail!
You die...

#....#### #..##......#
+.....# ###..##......#
#.....# #....##......#
#####.###.#.###......#
#.....#.# ########
###############.#
.......†.Z#####.#######
##.....##oo...#...[...#
#...o.
#♣....#.#####.###
#..... ##....#.#
###...# .....##
#....#.# #.....## .....
#....#.# #....... ....
#.####.# #....### ....
#..# #.# #....### ##.#
#.# #....... #.###.#
#....... #..##.#
##......


You could see 2 orcs and a centaur skeleton.

Vanquished Creatures
  Grinder (D:4)
  Eustachio (D:4)
  An orc priest (D:4)
  4 adders
  3 gnolls (D:3)
  2 oozes
  4 worms
  A dart slug (D:1)
  3 ball pythons
  9 bats
  5 giant cockroaches
  7 goblins
  9 hobgoblins
  3 jackals (D:3)
  3 kobolds
  A quokka (D:3)
  7 frilled lizards
  5 rats
69 creatures vanquished.

Notes
Turn   | Place    | Note
-------+----------+-------------------------------------------
     0 | D:1      | sveltemanboy the Demonspawn Gladiator began the quest for the Orb.
     0 | D:1      | Reached XP level 1. HP: 16/16 MP: 1/1
    26 | D:1      | Reached skill level 3 in Polearms
    75 | D:1      | Gained mutation: Your flesh is heat resistant. (rF+) [demonic ancestry]
    75 | D:1      | Reached XP level 2. HP: 16/22 MP: 2/2
   673 | D:2      | Found a glowing golden altar of the Shining One.
   680 | D:2      | Reached skill level 1 in Armour
   680 | D:2      | Reached XP level 3. HP: 25/27 MP: 3/3
  1200 | D:2      | Reached skill level 4 in Polearms
  1352 | D:2      | Found a shadowy altar of Dithmenos.
  1354 | D:2      | Reached XP level 4. HP: 33/33 MP: 4/4
  2258 | D:3      | Gained mutation: You are partially covered in icy blue scales. (AC +2) [demonic ancestry]
  2258 | D:3      | Reached XP level 5. HP: 38/38 MP: 5/5
  2311 | D:4      | Noticed Grinder
  2327 | D:4      | Killed Grinder
  2327 | D:4      | Reached skill level 5 in Polearms
  2327 | D:4      | Reached XP level 6. HP: 44/44 MP: 6/6
  2384 | D:4      | Noticed Eustachio
  2414 | D:4      | Killed Eustachio
  2414 | D:4      | Reached skill level 6 in Polearms
  2603 | D:4      | HP: 1/66 [orc/flail (9)]
  2605 | D:4      | Mangled by an orc

Vault maps used:
D:1:      dpeg_arrival_rhombi
D:2:      nicolae_overflow_hidden_temple, tso_oasis_becter
D:4:      ashenzari_altar_1, yredelemnul_altar_generic, serial_shops,
          nicolae_shop_waterfront, uniq_eustachio, uniq_grinder

Skill      XL: |  1  2  3  4  5  6 |
---------------+-------------------+-----
Polearms       | 3 4 5 6 |  6.1
Armour         | 1 2 3 |  3.3
Fighting       | |  2.0
Throwing       | |  1.7
Dodging        | |  2.6

Action                   |  1- 3 |  4- 6 || total
-------------------------+-------+-------++-------
Melee: Trident           |   121 |    61 ||   182
       Halberd           |       |    71 ||    71
Throw: Throwing net      |       |     4 ||     4
  Use: Potion            |       |     2 ||     2
 Stab: Held in net/web   |       |     2 ||     2
  Eat: Chunk             |     2 |     3 ||     5
Armor: Leather armour    |     7 |     4 ||    11
       Ring mail         |    29 |    20 ||    49
       Chain mail        |       |    15 ||    15
       Skin              |       |     8 ||     8
Dodge: Dodged            |    50 |    50 ||   100
